 Seeded DCSS version 0.30-a0-242-g7bf8e6d787 (webtiles) character file.

Game seed: 6617275544464515907 (custom seed)

148791 Iusername the Executioner (level 16, -2/162 HPs)
             Began as a Minotaur Fighter on Oct 10, 2022.
             Was the Champion of Jiyva.
             Killed from afar by a green death (17 damage)
             ... with a poison arrow
             ... on level 4 of the Swamp on Oct 11, 2022.
             The game lasted 00:52:02 (25991 turns).

Iusername the Executioner (Minotaur Fighter)       Turns: 25991, Time: 00:52:02

Health: -2/162     AC: 39    Str: 34    XL:     16   Next: 95%
Magic:  15/15      EV: 15    Int:  5    God:    Jiyva [******]
Gold:   2599       SH:  0    Dex: 13    Spells: 15/15 levels left

rFire   + + +      SeeInvis .    B - +4 battleaxe
rCold   . . .      Faith    .    (shield currently unavailable)
rNeg    . . .      Spirit   .    T - +10 plate armour of Syndicalism {Dex+2}
rPois   .          Reflect  .    (helmet restricted)
rElec   .          Harm     .    d - +2 cloak
rCorr   +          Rampage  .    t - +2 pair of gloves
Will    +....                    (boots unavailable)
Stlth   ..........               j - amulet of regeneration
HPRegen 2.87/turn                M - +4 ring of slaying
MPRegen 0.64/turn                q - +6 ring of strength

@: mighty, lethally poisoned (-2 -> -18), very slow
A: horns 2, retaliatory headbutt, hooves 3, fire resistance 3, eyeballs 1,
gelatinous body 3, engulf
a: Renounce Religion, Oozemancy, Slimify


You were on level 4 of the Swamp.
You worshipped Jiyva.
Jiyva was exalted by your worship.
You visited 4 branches of the dungeon, and saw 28 of its levels.
You visited the Abyss 1 time.
You also visited: Bailey and Volcano.

You collected 2599 gold pieces.

Inventory:

Hand Weapons
 B - a +4 battleaxe (weapon)
Missiles
 h - 2 throwing nets
 n - 10 javelins
Armour
 d - a +2 cloak (worn)
 t - a +2 pair of gloves (worn)
 T - the +10 plate armour of Syndicalism (worn) {Dex+2}
   (You found it on level 13 of the Dungeon)

   Dex:       It affects your dexterity (+2).
Jewellery
 j - an amulet of regeneration (around neck)
 q - a +6 ring of strength (right hand)
 E - a +4 ring of protection
 G - a ring of see invisible
 M - a +4 ring of slaying (left hand)
 N - an amulet of the acrobat
 P - a ring of willpower
 S - a ring of protection from cold
 W - a +4 ring of protection
Wands
 b - a wand of charming (22)
 k - a wand of flame (26)
 u - a wand of mindburst (11)
 w - a wand of polymorph (3)
 C - a wand of quicksilver (14)
 O - a wand of iceblast (30) (quivered)
Scrolls
 a - 2 scrolls of magic mapping {unknown}
 e - 5 scrolls of teleportation
 g - 4 scrolls of noise {unknown}
 i - 2 scrolls of poison {unknown}
 l - 8 scrolls of immolation
 o - 3 scrolls of silence {unknown}
 p - a scroll of summoning
 y - a scroll of butterflies {unknown}
 z - 4 scrolls of amnesia
 D - 3 scrolls of torment
 F - 8 scrolls of fear
 R - 4 scrolls of identify
Potions
 c - 3 potions of flight
 m - 5 potions of curing
 s - 4 potions of degeneration
 A - a potion of ambrosia
 H - a potion of magic {unknown}
 I - a potion of attraction {unknown}
 J - 4 potions of mutation {unknown}
 K - a potion of brilliance {unknown}
 L - a potion of invisibility
 Q - 2 potions of cancellation {unknown}
Miscellaneous
 r - a tin of tremorstones (2/2)
 x - a condenser vane
 U - a phantom mirror


   Skills:
 + Level 20.0 Fighting
 + Level 24.0 Axes
 + Level 1.9 Throwing
 + Level 18.6 Armour
 + Level 7.9 Dodging
 + Level 4.9 Stealth
 + Level 4.1 Shields
 + Level 2.2 Evocations


You had 15 spell levels left.
You didn't know any spells.
Your spell library contained the following spells:

 Spells                   Type           Power      Damage    Failure   Level
 Apportation              Tloc           0%         N/A       89%         1
 Beastly Appendage        Tmut           0%         N/A       89%         1
 Necrotise                Necr           0%         1d4       89%         1
 Shock                    Conj/Air       0%         1d3       89%         1
 Summon Small Mammal      Summ           0%         N/A       89%         1
 Blink                    Tloc           0%         N/A       96%         2
 Momentum Strike          Conj/Tloc      0%         3d8       96%         2
 Wereblood                Tmut           0%         N/A       96%         2
 Dazzling Flash           Conj/Hex       0%         N/A       99%         3
 Ignite Poison            Fire/Tmut/Pois 0%         N/A       99%         3
 Inner Flame              Hex/Fire       0%         N/A       99%         3
 Kindle Blastsparks       Fire/Tloc/Air  0%         2d10      99%         3
 Lesser Beckoning         Tloc           0%         N/A       99%         3
 Spider Form              Tmut/Pois      0%         N/A       99%         3
 Swiftness                Air            0%         N/A       99%         3
 Airstrike                Air            0%         2d(0-16)  100%        4
 Cause Fear               Hex            0%         N/A       100%        4
 Ice Form                 Ice/Tmut       0%         N/A       100%        4
 Iskenderun's Mystic Bla  Conj/Tloc      0%         2d3       100%        4
 Summon Lightning Spire   Summ/Air       0%         N/A       100%        4
 Alistair's Intoxication  Tmut/Pois      0%         N/A       100%        5
 Blade Hands              Tmut           0%         N/A       100%        5
 Freezing Cloud           Conj/Ice/Air   0%         6-21      100%        5
 Irradiate                Conj/Tmut      0%         3d11      100%        5
 Lightning Bolt           Conj/Air       0%         1d11      100%        5
 Metabolic Englaciation   Hex/Ice        0%         N/A       100%        5
 Conjure Ball Lightning   Conj/Air       0%         3x3d6     100%        6
 Starburst                Conj/Fire      0%         6d3       100%        6
 Dragon Form              Tmut           0%         N/A       100%        7
 Malign Gateway           Summ/Tloc      0%         N/A       100%        7
 Discord                  Hex            0%         N/A       100%        8
 Disjunction              Tloc           0%         N/A       100%        8
 Summon Horrible Things   Summ           0%         N/A       100%        8


Dungeon Overview and Level Annotations

Branches:
Dungeon (15/15)            Temple (0/1) D:4            Lair (5/5) D:9
  Swamp (4/4) Lair:2       Spider (0/4) Lair:3        Slime (4/5) Lair:4
    Orc (0/2) D:10         Vaults (0/5) D:13         Depths (0/4) D:15
 Bailey (visited)         Volcano (visited)

Altars:
Kikubaaqudgha
Makhleb
Uskayaw
Vehumet
Jiyva

Shops:
D:11 =

Annotations:
Slime:4 Dissolution


Innate Abilities, Weirdness & Mutations

You have a pair of horns on your head.
You reflexively headbutt those who attack you in melee.
You have hooves in place of feet.
Your flesh is almost immune to the effects of heat. (rF+++)
Your body has grown eyes which may confuse attackers. (Acc +3)
Your gelatinous body deflects attacks. (AC +3, EV +3)
Your melee attacks may engulf your foes in ooze.


Message History

You feel better.
You are engulfed in poison gas.
You are poisoned.
You feel very sick. The hellwing hits you.
* * * LOW HITPOINT WARNING * * *
The hellwing hits you but does no damage.
The green death barely misses you.
You feel very mighty all of a sudden.
You are engulfed in poison gas.
You are more poisoned.
* * * LOW HITPOINT WARNING * * *
You feel very sick. The green death gestures at you.
The bolt of poison hits you but does no damage.
You are more poisoned.
The hellwing misses you. The hellwing completely misses you.
You feel better.
You are engulfed in poison gas.
You are poisoned.
* * * LOW HITPOINT WARNING * * *
You feel very sick. The hellwing closely misses you. You furiously retaliate!
You headbutt the hellwing, but do no damage.
The hellwing barely misses you.
The green death hits you but does no damage.
You cut the hellwing into ribbons!!!
You kill the hellwing!
You slash the green death!
You feel sick.
You open the green death like a pillowcase!!!
Your kick misses the green death.
The green death is almost dead.
You feel sick. The green death gestures at you. The bolt of poison hits you.
You are more poisoned.
* * * LOW HITPOINT WARNING * * *
Your unstable footing causes you to fumble your attack.
You feel very sick. The green death gestures at you. The poison arrow hits you!
You are lethally poisoned!
You die...

♣♣ ######### .~ ##§~.♣...## ~~
###♣~~~♣♣♣~~~♣### ♣♣♣♣.~
##.~~~~..♣~~~§§@§# ♣♣~...~
##~##~~~~~♣.~.)2##.## ♣♣~~~.~~
#~~#∩##♣.~♣~~~##∩#§~# ♣♣~.~~~~§
♣~~~#~##~~♣~~##~#.§~♣# ♣♣^~.~~§♣
~~~~#~.##♣~♣##.~#~.~.##♣~~~[.~♣♣
~~~.##..##♣##.~##.~.[♣#~..÷~~♣♣
~~~~♣#.~~♣ ♣~~~#♣~.~[[#..♣♣~♣♣
)~~..##♣~~2~.♣##~.~~.~.#♣~♣♣♣
♣~.~~.# ~.~~~ #.~..♣~.~#♣..♣♣


You could see a green death.

Vanquished Creatures
  Bai Suzhen (Swamp:3)
  A bone dragon (Swamp:4)
  A tentacled monstrosity (Swamp:4)
  Mlioglotl (Lair:2)
  3 tentacled starspawn (Abyss:2)
  Donald (Lair:2)
  A thorn hunter (Swamp:4)
  2 fenstrider witches
  A stone giant (Volcano)
  7 eleionomae
  4 bunyips
  The ghost of Iusername the Severer, a journeyman MiFi (D:12)
  An eidolon (Abyss:2)
  Josephine (D:13)
  A green death (Abyss:2)
  9 hydras
  5 vault guards (D:13)
  2 ghost crabs
  A spriggan air mage (Swamp:4)
  3 centaur warriors (D:14)
  2 ogre magi
  9 alligators
  5 two-headed ogres
  2 boulder beetles
  A catoblepas (Lair:5)
  17 death yaks
  A large abomination (Abyss:2)
  A deep troll shaman (Lair:5)
  A tengu warrior (D:15)
  A deep elf knight (D:13)
  A soul eater (Swamp:4)
  A sixfirhy (Swamp:4)
  11 skeletal warriors
  3 goliath frogs
  3 spriggan druids
  2 wizards (Swamp:4)
  2 bog bodies
  8 swamp dragons
  A flayed ghost (D:15)
  2 tengu zombies (D:15)
  A sphinx zombie (D:15)
  5 starcursed masses (Abyss:2)
  A lindwurm (Lair:5)
  A shadow dragon skeleton (D:15)
  A deep elf zephyrmancer (Swamp:4)
  3 deep elf pyromancers
  A necromancer (D:15)
  13 ugly things
  4 manticores
  4 cyclopes
  9 will-o-the-wisps
  Maurice (D:9)
  13 elephants
  2 gargoyles
  2 black mambas
  A torpor snail (Lair:3)
  3 smoke demons
  A kobold demonologist (D:10)
  Psyche (D:11)
  8 cane toads
  14 komodo dragons
  A yaktaur (D:13)
  A tengu conjurer (D:13)
  An ancient zyme (Abyss:2)
  A bunyip simulacrum (Abyss:2)
  2 efreet
  3 hellwings
  6 trolls
  11 hornets
  5 polar bears
  10 blink frogs
  6 tyrant leeches
  10 dream sheep
  3 raiju (Abyss:2)
  3 shadows
  A culicivora (shapeshifter) (D:14)
  12 spriggans
  5 wyverns
  7 fire bats (Volcano)
  2 vampires
  A fire elemental (Volcano)
  59 yaks
  6 wraiths
  Grum (Bailey)
  2 basilisks
  2 steam dragons
  A chaos spawn (Abyss:2)
  16 vampire mosquitoes
  10 water moccasins
  17 swamp worms
  6 swamp drakes
  8 orc warriors
  An ogre (D:15)
  2 ice beasts (D:6)
  A black bear (D:5)
  3 centaurs
  21 wolves
  2 phantoms (D:4)
  A kobold brigand (D:7)
  9 bullfrogs
  A necrophage (D:4)
  9 scorpions
  5 gnoll sergeants
  An earth elemental (Volcano)
  4 small abominations (Abyss:2)
  21 wights
  A hornet simulacrum (D:15)
  14 killer bees
  2 howler monkeys (D:11)
  11 lava snakes (Volcano)
  A quasit (Abyss:2)
  3 hounds
  3 jellies
  14 orc priests
  Crazy Yiuf (D:2)
  6 gnoll boudas
  An iguana (D:4)
  18 orc wizards
  9 hell rats
  22 gnolls
  5 adders
  A shadow imp (D:7)
  4 white imps
  3 worms
  A dart slug (D:2)
  48 orcs
  3 bats
  8 endoplasms
  9 giant cockroaches
  11 goblins
  7 hobgoblins
  2 jackals (D:4)
  13 kobolds
  3 quokkas
  6 ball pythons
  4 frilled lizards
  6 rats
  A lurking horror (Abyss:2)
  3 starspawn tentacles (Abyss:2)
754 creatures vanquished.

Vanquished Creatures (collateral kills)
  A worldbinder (Abyss:2)
  A starcursed mass (Abyss:2)
  A gnoll bouda (Bailey)
3 creatures vanquished.

Vanquished Creatures (others)
  A goliath frog (Swamp:1)
  A wizard (Swamp:4)
  A cyclops (D:15)
  A kobold demonologist (D:13)
  A bloated husk (Swamp:1)
  5 slime creatures
  A golden eye (Abyss:2)
  2 vampire mosquitoes (Swamp:1)
  An ogre (D:15)
  A boggart (Bailey)
  5 centaurs
  A kobold brigand (D:13)
  A gnoll sergeant (Bailey)
  66 jellies
  An orc wizard (D:9)
  An ufetubus (Abyss:2)
  4 kobolds (D:13)
  2 briar patches (Swamp:4)
  31 foxfires
  33 fungi
  32 plants
  2 starspawn tentacles (Abyss:2)
  8 withered plants (D:15)
202 creatures vanquished.

Grand Total: 959 creatures vanquished

Notes
Turn   | Place    | Note
-------+----------+-------------------------------------------
     0 | D:1      | Iusername the Minotaur Fighter began the quest for the Orb.
     0 | D:1      | Reached XP level 1. HP: 19/19 MP: 0/0
   144 | D:1      | Reached XP level 2. HP: 27/27 MP: 1/1
   163 | D:1      | Found a faded altar of an unknown god.
   451 | D:1      | Reached skill level 3 in Axes
   729 | D:2      | Reached XP level 3. HP: 33/33 MP: 2/2
   993 | D:2      | Found a runed translucent door.
   994 | D:2      | Noticed Crazy Yiuf
  1332 | D:2      | Killed Crazy Yiuf
  1333 | D:2      | Reached XP level 4. HP: 40/40 MP: 3/3
  1435 | D:3      | Reached skill level 4 in Axes
  1603 | D:3      | Reached XP level 5. HP: 46/46 MP: 4/4
  2176 | D:4      | Reached skill level 5 in Axes
  2341 | D:4      | Found a staircase to the Ecumenical Temple.
  2396 | D:4      | Noticed a phantom
  2401 | D:4      | Upgraded the game from 0.30-a0-241-g1121274140 to
                  | 0.30-a0-242-g7bf8e6d787
  2415 | D:4      | Killed a phantom
  2416 | D:4      | Reached skill level 6 in Axes
  2416 | D:4      | Reached skill level 5 in Armour
  2416 | D:4      | Reached skill level 1 in Dodging
  2416 | D:4      | Reached XP level 6. HP: 53/53 MP: 5/5
  2615 | D:4      | Reached skill level 5 in Fighting
  2615 | D:4      | Reached skill level 7 in Axes
  2615 | D:4      | Reached XP level 7. HP: 56/61 MP: 6/6
  2823 | D:5      | Entered Level 5 of the Dungeon
  3171 | D:5      | Found Kuiziat's Antique Armour Shop.
  3501 | D:6      | Reached skill level 8 in Axes
  3505 | D:6      | Reached XP level 8. HP: 70/70 MP: 7/7
  3683 | D:6      | Reached skill level 9 in Axes
  4239 | D:7      | Reached skill level 10 in Axes
  4259 | D:7      | Reached XP level 9. HP: 45/78 MP: 8/8
  4359 | D:7      | Noticed a cyclops
  4379 | D:7      | Reached skill level 11 in Axes
  4384 | D:7      | Killed a cyclops
  4483 | D:7      | Reached skill level 12 in Axes
  4519 | D:7      | HP: 4/80 [poisoned by an orc wizard]
  4837 | D:7      | Found a flagged portal.
  4847 | Bailey   | Entered a bailey
  5446 | Bailey   | Noticed Grum
  5454 | Bailey   | Reached skill level 13 in Axes
  5505 | Bailey   | Killed Grum
  5506 | Bailey   | Reached XP level 10. HP: 28/90 MP: 9/9
  5809 | Bailey   | Reached skill level 1 in Stealth
  5951 | Bailey   | Identified the +0 morningstar "Esir" {freeze, Will++ rCorr
                  | Dex-5 Stlth+}
  6220 | D:7      | Found a hide-covered altar of Uskayaw.
  6554 | D:8      | Reached skill level 5 in Dodging
  6684 | D:8      | Reached skill level 14 in Axes
  7323 | D:9      | Reached skill level 15 in Axes
  7609 | D:9      | Paralysed by a hornet for 1 turns
  7616 | D:9      | Reached skill level 10 in Armour
  7667 | D:9      | Got the Precepts of Transmutation and Firn
  7684 | D:9      | Noticed Maurice
  7740 | D:9      | Killed Maurice
  7956 | D:9      | Reached skill level 16 in Axes
  7956 | D:9      | Reached XP level 11. HP: 75/97 MP: 10/10
  8034 | D:9      | Identified the +1 scale mail "Doivecez" {Fly rF+}
  8203 | D:9      | Noticed a two-headed ogre
  8205 | D:9      | Killed a two-headed ogre
  8322 | D:9      | Reached skill level 10 in Fighting
  8401 | D:9      | Reached skill level 17 in Axes
  8460 | D:9      | Found a staircase to the Lair.
  8669 | D:10     | Entered Level 10 of the Dungeon
  9388 | D:10     | Found a staircase to the Orcish Mines.
  9666 | Lair:1   | Entered Level 1 of the Lair of Beasts
  9753 | Lair:1   | Reached skill level 18 in Axes
 10437 | Lair:2   | Found a staircase to the Swamp.
 10476 | Lair:2   | Reached XP level 12. HP: 74/110 MP: 11/11
 10645 | Lair:2   | Found a dark tunnel.
 10651 | Lair:2   | Reached skill level 19 in Axes
 10663 | Volcano  | Entered a volcano
 10904 | Volcano  | Noticed a stone giant
 10922 | Volcano  | Killed a stone giant
 10974 | Volcano  | Found a bloodstained altar of Trog.
 12012 | Lair:3   | Reached skill level 20 in Axes
 12298 | Lair:3   | Found a hole to the Spider Nest.
 12379 | Lair:3   | Noticed a six-headed hydra
 12390 | Lair:3   | Killed a 12-headed hydra
 12968 | Lair:4   | Noticed a death yak
 12970 | Lair:4   | Noticed a death yak
 12970 | Lair:4   | Noticed a death yak
 12981 | Lair:4   | Killed a death yak
 12982 | Lair:4   | Reached XP level 13. HP: 90/119 MP: 12/12
 13255 | Lair:4   | Reached skill level 1 in Evocations
 13276 | Lair:4   | Found a viscous altar of Jiyva.
 13276 | Lair:4   | Found a staircase to the Slime Pits.
 13318 | Lair:4   | Became a worshipper of Jiyva Jurraihu the Shapeless
 13511 | Lair:4   | Reached * piety under Jiyva
 13982 | Slime:1  | Entered Level 1 of the Pits of Slime
 13982 | Slime:1  | Noticed a quicksilver ooze
 13995 | Slime:1  | Noticed a rockslime
 14016 | Slime:1  | Noticed an acid blob
 14041 | Slime:1  | Noticed an acid blob
 14080 | Slime:1  | Noticed an acid blob
 14133 | Slime:2  | Noticed a rockslime
 14143 | Slime:2  | Noticed a rockslime
 14281 | Slime:3  | Found a viscous altar of Jiyva.
 14333 | Slime:3  | Noticed an azure jelly
 14404 | Slime:3  | Noticed an azure jelly
 14415 | Slime:3  | Noticed an acid blob
 14590 | Slime:4  | Noticed an acid blob
 14600 | Slime:4  | Noticed a rockslime
 14664 | Slime:4  | Noticed a quicksilver ooze
 14665 | Slime:4  | Noticed Dissolution
 14678 | Slime:4  | Noticed an acid blob
 14679 | Slime:4  | Noticed an acid blob
 14686 | Slime:4  | Noticed a rockslime
 14700 | Slime:4  | Noticed a rockslime
 14925 | Lair:5   | Entered Level 5 of the Lair of Beasts
 14962 | Lair:5   | Identified the +1 chain mail of Wisdom {Str+6}
 14975 | Lair:5   | Reached skill level 21 in Axes
 15404 | Lair:5   | Reached ** piety under Jiyva
 15520 | Lair:5   | Reached XP level 14. HP: 131/133 MP: 13/13
 15521 | Lair:5   | Reached skill level 15 in Fighting
 15590 | Lair:5   | Identified a scroll of acquirement
 15592 | Lair:5   | Acquired 951 gold pieces
 15996 | Lair:5   | Reached *** piety under Jiyva
 16406 | D:11     | Found Osoy's Jewellery Emporium.
 16948 | D:11     | Reached skill level 15 in Armour
 17125 | D:11     | Gained mutation: You have large cloven feet. [Jiyva's
                  | grace]
 17125 | D:11     | Gained mutation: You have hoof-like feet. [Jiyva's grace]
 17125 | D:11     | Gained mutation: You have hooves in place of feet. [Jiyva's
                  | grace]
 17125 | D:11     | Gained mutation: You possess an exceptional clarity of
                  | mind. [Jiyva's grace]
 17126 | D:11     | Reached **** piety under Jiyva
 17139 | D:11     | Noticed Psyche
 17142 | D:11     | Killed Psyche
 17378 | D:11     | You fall into a shaft and drop 1 floor!
 17711 | D:12     | Found a radiant altar of Vehumet.
 18226 | D:12     | Reached skill level 1 in Throwing
 18309 | D:12     | Found a runed translucent gate.
 18317 | D:12     | Found a runed translucent gate.
 18317 | D:12     | Found a runed translucent gate.
 18318 | D:12     | Noticed Iusername's ghost (journeyman MiFi)
 18320 | D:12     | Identified the +6 plate armour of Rationality {Will+ Int+8
                  | Stlth-}
 18790 | D:13     | Identified the +10 plate armour of Syndicalism {Dex+2}
 18875 | D:13     | Reached skill level 22 in Axes
 18916 | D:13     | Reached ***** piety under Jiyva
 19399 | D:13     | Noticed Josephine
 19408 | D:13     | Killed Josephine
 19498 | D:13     | Paralysed by something for 4 turns
 19544 | D:13     | Found a gate to the Vaults.
 19630 | D:13     | Lost mutation: You have hooves in place of feet. [Jiyva's
                  | grace]
 19630 | D:13     | Gained mutation: Your system is resistant to poisons.
                  | (rPois) [Jiyva's grace]
 19630 | D:13     | Gained mutation: You expend magic power (3 MP) to
                  | strengthen your wands. [Jiyva's grace]
 19630 | D:13     | Gained mutation: Your body has grown eyes which may confuse
                  | attackers. (Acc +3) [Jiyva's grace]
 19630 | D:13     | Gained mutation: Your body has grown many eyes which may
                  | confuse attackers. (Acc +5) [Jiyva's grace]
 19699 | D:13     | Found a burning altar of Makhleb.
 19706 | D:13     | Identified the +4 whip of Bloodstone {elec, *Corrode rF++
                  | Int+5}
 20103 | D:14     | Reached XP level 15. HP: 146/146 MP: 14/14
 20345 | D:14     | Found an ancient bone altar of Kikubaaqudgha.
 20781 | D:15     | Entered Level 15 of the Dungeon
 21046 | D:15     | Reached ****** piety under Jiyva
 21046 | D:15     | Gained mutation: Your rubbery body absorbs attacks. (AC +1,
                  | EV +1) [Jiyva's grace]
 21046 | D:15     | Gained mutation: Your pliable body absorbs attacks. (AC +2,
                  | EV +2) [Jiyva's grace]
 21046 | D:15     | Gained mutation: Your gelatinous body deflects attacks. (AC
                  | +3, EV +3) [Jiyva's grace]
 21046 | D:15     | Gained mutation: You have hooves in place of feet. [Jiyva's
                  | grace]
 21163 | D:15     | Found a staircase to the Depths.
 21478 | D:12     | Killed Iusername's ghost
 21796 | Swamp:1  | Entered Level 1 of the Swamp
 21877 | Swamp:1  | Noticed Donald
 21879 | Swamp:1  | Noticed Mlioglotl
 21885 | Swamp:1  | Noticed a tentacled starspawn
 21891 | Swamp:1  | Noticed a fenstrider witch
 22183 | Lair:2   | Killed Mlioglotl
 22184 | Lair:2   | Reached skill level 23 in Axes
 22200 | Lair:2   | Killed Donald
 22379 | Lair:2   | Killed a fenstrider witch
 24211 | Swamp:3  | Noticed Bai Suzhen
 24220 | Swamp:3  | Reached XP level 16. HP: 138/159 MP: 15/15
 24225 | Swamp:4  | Entered Level 4 of the Swamp
 24453 | Swamp:3  | Killed Bai Suzhen
 24648 | Swamp:3  | Identified the +4 dire flail "Toloul" {antimagic, rC+ Will-
                  | Str+3}
 24766 | Swamp:3  | Lost mutation: You possess an exceptional clarity of mind.
                  | [Jiyva's grace]
 24766 | Swamp:3  | Lost mutation: Your system is resistant to poisons. (rPois)
                  | [Jiyva's grace]
 24766 | Swamp:3  | Lost mutation: Your body has grown many eyes which may
                  | confuse attackers. (Acc +5) [Jiyva's grace]
 24766 | Swamp:3  | Lost mutation: You expend magic power (3 MP) to strengthen
                  | your wands. [Jiyva's grace]
 24766 | Swamp:3  | Gained mutation: Your flesh is heat resistant. (rF+)
                  | [Jiyva's grace]
 24766 | Swamp:3  | Gained mutation: Your flesh is very heat resistant. (rF++)
                  | [Jiyva's grace]
 24766 | Swamp:3  | Gained mutation: Your flesh is almost immune to the effects
                  | of heat. (rF+++) [Jiyva's grace]
 24766 | Swamp:3  | Gained mutation: Your melee attacks may engulf your foes in
                  | ooze. [Jiyva's grace]
 25077 | Swamp:4  | Noticed a thorn hunter
 25154 | Swamp:4  | Noticed a tentacled monstrosity
 25162 | Swamp:4  | Killed a tentacled monstrosity
 25290 | Abyss:2  | Cast into level 2 of the Abyss (a wizard)
 25305 | Abyss:2  | Found a shimmering altar of Xom.
 25314 | Abyss:2  | Found a shimmering altar of Xom.
 25393 | Abyss:2  | Noticed a tentacled starspawn
 25397 | Abyss:2  | Killed a tentacled starspawn
 25448 | Abyss:2  | Noticed a tentacled starspawn
 25452 | Abyss:2  | Killed a tentacled starspawn
 25698 | Abyss:2  | Noticed a tentacled starspawn
 25704 | Abyss:2  | Noticed a bone dragon
 25705 | Abyss:2  | Killed a tentacled starspawn
 25717 | Swamp:4  | Escaped the Abyss
 25722 | Swamp:4  | Killed a bone dragon
 25758 | Swamp:4  | Killed a thorn hunter
 25821 | Swamp:4  | Reached skill level 24 in Axes
 25931 | Swamp:4  | Identified the +0 scale mail of Gestures {+Blink rF+++
                  | Str-3 Dex-4}
 25991 | Swamp:4  | Killed from afar by a green death

Illustrated notes

Levels and vault maps discovered:
D:1:      eino_arrival_tree_alley, layout_loops_ring,
          hellmonk_ecumenical_altar_crossroads
D:2:      minmay_diamond_boxcup, layout_loops_ring, uniq_crazy_yiuf_cottage
D:3:      layout_basic
D:4:      layout_basic, temple_hall, serial_bayou_ford_a
D:5:      layout_gridville, serial_shops, shop_fountains
D:6:      layout_loops_ring
D:7:      layout_rooms, mainiacjoe_overflow_surrounded_room, enter_bailey_3,
          minmay_manual_monolith
D:8:      layout_loops_ring, chequers_serial_rivers_micro_d
D:9:      layout_irregular_city, erik_lair_dragon, grunt_ministairs_14,
          roderic_serpentine_path, uniq_maurice
D:10:     layout_gridville, orc_0_dummy
D:11:     layout_layer_cave, serial_shops, nicolae_shop_statue_plus, uniq_psyche
D:12:     layout_basic, biasface_ghost_orc_armoury, dk_noncrumbling_3,
          minmay_misc_feat_tiny, nicolae_vehumet_altar_sigil
D:13:     layout_small_grid, grunt_vaults_entry_fortified, bloody_makhleb,
          uniq_josephine
D:14:     layout_loops_ring, minmay_misc_feat_ornament,
          nicolae_kikubaaqudgha_miasma_corner
D:15:     gammafunk_depths_entry_grave, layout_rooms,
          hangedman_abyss_or_decor_clamps
Lair:1:   layout_chaotic_city
Lair:2:   layout_loops_ring, minmay_swamp_entry_wisps,
          nicolae_volcano_entry_hallway
Lair:3:   layout_gridlike, nicolae_spider_entry_non_spiders,
          beast_lair_carwin_5, infiniplex_staircase_pool
Lair:4:   layout_hall_layers, slime_entry_1, minivault_23
Lair:5:   grunt_lair_end_beastmaster, layout_cellular_growth
Swamp:1:  layout_falls_marsh, serial_swamp_ruin, evilmike_swamp_ruin_house_5,
          evilmike_swamp_ruin_house_3, hangedman_swamp_ruin_wall,
          nicolae_swamp_round_clearing, swamp_pool5, uniq_donald, uniq_mlioglotl
Swamp:2:  nicolae_swamp_ascending_descending_big, layout_falls_marsh,
          nicolae_swamp_fairy_circle
Swamp:3:  layout_falls_marsh, nicolae_swamp_rocky_clearing, swamp_pool5,
          nicolae_swamp_stair_fork, uniq_bai_suzhen
Swamp:4:  nzn_swamp_witches_coven, layout_basic_swamp, swamp_pool5,
          nicolae_swamp_trees_clearing
Slime:1:  layout_caves
Slime:2:  layout_caves
Slime:3:  layout_caves, basic_altar, nicolae_slime_barrier
Slime:4:  layout_caves, uniq_dissolution

Skill      XL: |  1  2  3  4  5  6  7  8  9 10 11 12 13 14 15 16 |
---------------+-------------------------------------------------+-----
Armour         | 4 5 6 7 8 10 11 12 14 16 17 18 | 18.6
Axes           | 3 4 6 7 8 10 13 16 18 20 21 22 23 24 | 24.0
Fighting       | 4 5 6 8 9 11 12 14 16 18 20 | 20.0
Shields        | 4 |  4.1
Dodging        | 1 2 3 4 5 6 7 |  7.9
Stealth        | 1 2 3 4 |  4.9
Evocations     | 1 2 |  2.2
Throwing       | 1 |  1.9

Action                   |  1- 3 |  4- 6 |  7- 9 | 10-12 | 13-15 | 16-18 || total
-------------------------+-------+-------+-------+-------+-------+-------++-------
Melee: War axe           |    82 |    75 |   263 |    33 |       |       ||   453
       Headbutt          |     6 |    11 |    40 |    86 |   157 |    67 ||   367
       Punch             |       |       |     1 |       |       |       ||     1
       Unarmed           |       |       |     1 |       |       |       ||     1
       Battleaxe         |       |       |       |   444 |   645 |   282 ||  1371
       Kick              |       |       |       |       |   163 |    94 ||   257
Throw: Javelin           |       |       |     2 |       |     3 |       ||     5
       Throwing net      |       |       |       |       |     2 |       ||     2
Evoke: Wand              |       |       |     5 |     3 |     3 |     2 ||    13
       Condenser vane    |       |       |       |     1 |     4 |     1 ||     6
       Phantom mirror    |       |       |       |       |       |     1 ||     1
  Use: Potion            |     1 |       |    11 |     4 |     1 |     8 ||    25
       Scroll            |       |       |     7 |     8 |    12 |     1 ||    28
 Stab: Distracted        |       |       |     2 |       |       |       ||     2
       Invisible         |       |       |       |     4 |       |       ||     4
       Confused          |       |       |       |       |     7 |     5 ||    12
Armor: Scale mail        |    45 |    39 |   228 |   157 |       |       ||   469
       Plate armour      |       |       |       |   157 |   485 |   219 ||   861
Dodge: Dodged            |    42 |    56 |   211 |   275 |   330 |   180 ||  1094
       Repelled          |       |       |       |       |     3 |       ||     3
Block: Buckler           |     7 |       |       |       |       |       ||     7

Table legend: (Time is in decaauts)
 A = Elapsed time spent in this place.
 B = Non-inter-level travel time spent in this place.
 C = Inter-level travel time spent in this place.
 D = Time resting spent in this place.
 E = Time spent auto-exploring this place.
 F = Levels seen in this place.
 G = Mean time per level.
                   A        B        C        D        E       F      G
               +--------+--------+--------+--------+--------+-----+--------+
         Total |  25893 |  24218 |   1675 |   4902 |  14548 |  31 |  835.3 |
       Dungeon |  13789 |  12639 |   1150 |   1784 |   8635 |  15 |  919.3 |
          Lair |   5939 |   5635 |    304 |   1428 |   3422 |   5 | 1187.8 |
         Swamp |   3274 |   3112 |    162 |    827 |   1470 |   4 |  818.5 |
    Slime Pits |    886 |    827 |     59 |      0 |    754 |   4 |  221.5 |
         Abyss |    413 |    413 |      0 |      0 |    215 |   1 |  413.0 |
        Bailey |   1250 |   1250 |      0 |    831 |     51 |   1 | 1250.0 |
       Volcano |    339 |    339 |      0 |     31 |      0 |   1 |  339.0 |
               +--------+--------+--------+--------+--------+-----+--------+

Top non-repeatable levels by time:
     D:9: 1678 daAuts
    D:12: 1572 daAuts
  Lair:2: 1539 daAuts
  Lair:5: 1269 daAuts
  Bailey: 1250 daAuts
  Lair:3: 1212 daAuts
  Lair:4: 1132 daAuts
    D:13: 1131 daAuts
    D:10: 990 daAuts
     D:8: 985 daAuts
    D:11: 969 daAuts
    D:14: 923 daAuts
 Swamp:3: 919 daAuts
 Swamp:2: 807 daAuts
 Swamp:1: 799 daAuts
